 Dungeon Crawl Stone Soup version 0.19.5 (webtiles) character file.

225 snowfan the Conjurer (level 6, -7/36 HPs)
             Began as an Octopode Wizard on May 16, 2017.
             Mangled by a mummy (20 damage)
             ... on level 4 of the Dungeon.
             The game lasted 00:14:03 (5753 turns).

snowfan the Conjurer (Octopode Wizard)              Turns: 5753, Time: 00:14:04

Health: -7/36      AC:  1    Str:  6    XL:     6   Next: 1%
Magic:  8/10       EV: 13    Int: 23    God:
Gold:   169        SH:  0    Dex: 10    Spells: 2 memorised, 7 levels left

rFire  . . .     SeeInvis .     d - +0 dagger (curse)
rCold  + . .     Gourm    .     (no shield)
rNeg   . . .     Faith    .     a - +0 hat
rPois  .         Spirit   .     (no amulet)
rElec  .         Reflect  .     h - ring of protection from cold
rCorr  .         Harm     .     (no ring)
MR     .....                    (no ring)
Stlth  +++.......               (no ring)
                                (no ring)
                                (no ring)
                                (no ring)
                                (no ring)

@: no status effects
A: almost no armour, stealthy swim, amphibious, 8 rings, constrict 8, camouflage
1, gelatinous body 1
a: no special abilities


You were on level 4 of the Dungeon.
You were hungry.

You visited 1 branch of the dungeon, and saw 4 of its levels.

You collected 169 gold pieces.

Inventory:

Hand Weapons
 d - a cursed +0 dagger (weapon)
 n - a cursed -3 dagger
 r - a +0 hunting sling
Missiles
 o - 23 stones (quivered)
Armour
 a - a +0 hat (worn)
Jewellery
 h - a ring of protection from cold (left tentacle)
Scrolls
 f - a scroll of remove curse {unknown}
 j - 2 scrolls of recharging {unknown}
 k - a scroll of noise {unknown}
 m - 2 scrolls of teleportation {unknown}
 q - a scroll of enchant armour {unknown}
 u - a scroll of fog {unknown}
 v - 3 scrolls of blinking {unknown}
 w - 2 scrolls of magic mapping {unknown}
 x - a scroll of enchant weapon {unknown}
Potions
 e - a potion of brilliance {unknown}
 g - a potion of berserk rage {unknown}
 i - 2 potions of ambrosia {unknown}
 p - a potion of mutation {unknown}
 s - a potion of heal wounds {unknown}
 z - 2 potions of lignification {unknown}
Books
 b - a book of Minor Magic

   Spells                             Type                      Level
   a - Magic Dart                     Conjuration                  1
   b - Blink                          Translocation                2
   c - Call Imp                       Summoning                    2
   d - Repel Missiles                 Charms/Air                   2
   e - Slow                           Hexes                        2
   f - Conjure Flame                  Conjuration/Fire             3
   g - Mephitic Cloud                 Conjuration/Poison/Air       3
Comestibles
 c - 5 bread rations
 l - a beef jerky
 t - 2 meat rations


   Skills:
 - Level 2.0 Dodging
 - Level 2.6 Stealth
 - Level 3.0 Spellcasting
 + Level 5.7 Conjurations
   Level 1.0 Summonings
   Level 1.0 Translocations


You had 7 spell levels left.
You knew the following spells:

 Your Spells              Type           Power        Failure   Level  Hunger
a - Magic Dart            Conj           ####         1%          1    None
b - Conjure Flame         Conj/Fire      ###.....     12%         3    ###....


Dungeon Overview and Level Annotations

Branches:
Dungeon (4/15)
 Temple: D:4-7

Altars:

Shops:
D:4 =

Annotations:
D:3 raph's ghost, amateur MfSk


Innate Abilities, Weirdness & Mutations

You cannot wear most types of armour.
You are very stealthy in the water. (Stealth+)
You are amphibious.
You can wear up to eight rings at the same time.
You can use your tentacles to constrict eight enemies at once.
Your skin changes colour to match your surroundings (Stealth+).
Your rubbery body absorbs attacks. (AC +1, EV +1)


Message History

The orc zombie hits you but does no damage.
The mummy closely misses you.
Casting: Conjure Flame
Confirm with . or Enter, or press ? or * to list all spells.
Aiming: Magic Dart
Press: ? - help, Shift-Dir - straight line, f - orc zombie
Aim: an orc zombie The magic dart hits the orc zombie.
The orc zombie is moderately damaged.
You constrict the mummy. The orc zombie barely misses you.
Casting: Magic Dart
Confirm with . or Enter, or press ? or * to list all spells.
Aiming: Magic Dart
Press: ? - help, Shift-Dir - straight line, f/p - orc zombie
Aim: an orc zombie (moderately damaged)
The magic dart hits the orc zombie.
You destroy the orc zombie!
You constrict the mummy. The mummy hits you!!
Ouch! That really hurt!
You die...

#######
#.....#####
#.........#
#..######.#
#..#@.ZZ#.##
#..#M#Z....#
#..#!#.....#
#..#?#..#..#
#####..######..#
#..............#
#.##.#+##.##.#.#
... # . .# #....
.. .#


You could see a mummy and 3 hobgoblin zombies.

Vanquished Creatures
  3 gnolls (D:3)
  11 adders
  2 worms
  3 dart slugs (D:1)
  A leopard gecko (D:2)
  An orc (D:3)
  A ball python (D:2)
  8 bats
  6 giant cockroaches (D:1)
  12 hobgoblins
  11 jackals (D:1)
  8 kobolds
  A quokka (D:3)
  6 frilled lizards
  3 goblins (D:2)
  An orc zombie (D:4)
  9 rats
87 creatures vanquished.

Notes
Turn   | Place    | Note
-------+----------+-------------------------------------------
     0 | D:1      | snowfan the Octopode Wizard began the quest for the Orb.
     0 | D:1      | Reached XP level 1. HP: 11/11 MP: 4/4
   250 | D:1      | Reached skill level 2 in Conjurations
   250 | D:1      | Reached XP level 2. HP: 11/17 MP: 0/6
   904 | D:1      | Reached XP level 3. HP: 15/21 MP: 1/7
  1220 | D:1      | Reached skill level 3 in Conjurations
  2092 | D:2      | Reached XP level 4. HP: 27/27 MP: 0/8
  2461 | D:2      | Reached skill level 4 in Conjurations
  3111 | D:2      | Reached XP level 5. HP: 24/31 MP: 1/9
  3713 | D:3      | Noticed raph's ghost (amateur MfSk)
  4192 | D:2      | Reached skill level 5 in Conjurations
  5286 | D:3      | Reached XP level 6. HP: 36/36 MP: 6/10
  5602 | D:4      | Found Oriz's Jewellery Shop.
  5609 | D:3      | Learned a level 3 spell: Conjure Flame
  5753 | D:4      | Mangled by a mummy

Skill      XL: |  1  2  3  4  5 |
---------------+----------------+-----
Conjurations   | 2 3 4 5 |  5.7
Dodging        | |  2.0
Stealth        | |  2.6
Spellcasting   | |  3.0
Summonings     | |  1.0
Translocations | |  1.0

Action                   |  1- 3 |  4- 6 || total
-------------------------+-------+-------++-------
Melee: Dagger            |    45 |    22 ||    67
       Unarmed           |     4 |       ||     4
       Constrict         |    14 |     4 ||    18
       Tentacles         |     6 |     2 ||     8
Throw: Stone             |     3 |       ||     3
 Cast: Magic Dart        |    82 |   126 ||   208
  Eat: Chunk             |     4 |    10 ||    14
Armor: Skin              |     4 |     1 ||     5
Dodge: Dodged            |    47 |    42 ||    89
